 Dungeon Crawl Stone Soup version 0.31-a0-152-g6aa68a64a1 (webtiles) character file.

Game seed: 4246104340181611026

1757 qw the Skirmisher (level 9, -5/55 HPs)
             Began as a Gargoyle Hunter on June 10, 2023.
             Was an Initiate of Okawaru.
             Slain by a yak (7 damage)
             ... on level 6 of the Dungeon.
             The game lasted 00:01:24 (3373 turns).

qw the Skirmisher (Gargoyle Hunter)                 Turns: 3373, Time: 00:01:24

Health: -5/55      AC: 15    Str: 16    XL:     9   Next: 6%
Magic:  9/9        EV: 11    Int:  9    God:    Okawaru [......]
Gold:   202        SH:  0    Dex: 17    Spells: 8/8 levels left

rFire   . . .        a - +0 longbow (heavy)
rCold   . . .        (shield currently unavailable)
rNeg    + . .        k - +0 ring mail
rPois   inf          (no helmet)
rElec   +            (no cloak)
rCorr   .            (no gloves)
SInv    .            b - +2 pair of boots
Will    .....        l - amulet of the acrobat
Stlth   +            (no ring)
HPRegen 0.29/turn    (no ring)
MPRegen 0.11/turn

%: acrobat
@: no status effects
A: sickness immunity, AC +6, negative energy resistance 1, electricity
resistance, torment resistance 1, petrification resistance
a: Renounce Religion


You were on level 6 of the Dungeon.
You worshipped Okawaru.
Okawaru was noncommittal.
You visited 2 branches of the dungeon, and saw 7 of its levels.

You collected 202 gold pieces.


Innate Abilities, Weirdness & Mutations

You are immune to sickness and miasma.
Your stone body is resilient. (AC +6)
You are immune to poison.
You resist negative energy. (rN+)
You are resistant to electric shocks. (rElec)
You are resistant to unholy torment.
You are immune to petrification.


   Skills:
 + Level 6.1 Fighting
 - Level 10.3 Ranged Weapons
 - Level 2.2 Armour
 - Level 2.4 Dodging
 - Level 1.1 Stealth


You had 8 spell levels left.
You didn't know any spells.
Your spell library was empty.

Inventory:

Hand Weapons
 a - a +0 heavy longbow (weapon)
Armour
 b - a +2 pair of boots (worn)
 k - a +0 ring mail (worn)
Jewellery
 l - an amulet of the acrobat (around neck)
Scrolls
 c - a scroll of identify
Potions
 e - a potion of attraction {unknown}
 f - 3 potions of curing
 g - a potion of mutation {unknown}
 h - a potion of lignification {unknown}
 i - a potion of brilliance {unknown}
 m - a potion of cancellation {unknown}

Dungeon Overview and Level Annotations

Branches:
Dungeon (6/15)             Temple (1/1) D:6

Altars:
Ashenzari
Cheibriados
Dithmenos
Elyvilon
Fedhas
Gozag
Hepliaklqana
Kikubaaqudgha
Makhleb
Nemelex Xobeh
Okawaru
Qazlal
Ru
Sif Muna
Trog
Uskayaw
Vehumet
Wu Jian
Xom
Yredelemnul
Zin
The Shining One

Annotations:
D:3 2 transporters, qw's ghost, amateur MiHu


Message History

The yak closely misses you. The yak gores you. The yak closely misses you.
The yak completely misses you. The yak gores you. The yak gores you!
3366 ||| DRINKING 2 potions of heal wounds.
You feel much better. The yak gores you but does no damage.
The yak gores you. x2
You shoot an arrow. The arrow hits the yak!!
The yak is severely wounded.
The yak gores you!
The yak closely misses you. x3; The yak gores you.
3368 ||| DRINKING potion of heal wounds.
You feel much better. The jelly hits you but does no damage.
The yak barely misses you. x3
You shoot an arrow. The arrow hits the yak!
The yak is almost dead.
The jelly closely misses you. The yak gores you but does no damage.
The yak closely misses you. The yak gores you but does no damage.
The yak gores you. The jelly hits you but does no damage. The yak gores you.
The yak gores you but does no damage.
You shoot an arrow. The arrow hits the yak!!
You kill the yak!
Okawaru accepts your kill.
The yak barely misses you. x2; The jelly closely misses you.
Your Ranged Weapons skill increases to level 10!
You have reached level 9!
Your experience leads to an increase in your attributes!
Increase (S)trength, (I)ntelligence, or (D)exterity?
You feel agile. x2
You shoot an arrow. The arrow hits the yak.
The yak is lightly wounded.
The yak closely misses you. The jelly hits you but does no damage.
The yak gores you but does no damage. The yak gores you!
The yak gores you but does no damage. x2; The jelly hits you but does no damage.
The yak gores you.
You shoot an arrow. The arrow hits the yak!
The yak is moderately wounded.
The yak gores you. The jelly hits you but does no damage.
The yak gores you but does no damage. x3; The jelly hits you but does no damage.
The yak gores you. The yak barely misses you.
You shoot an arrow. The arrow barely misses the yak.
The yak gores you! The jelly barely misses you. The yak gores you!
You die...

... ... #.. #.. ###
#.. #.. .####.. #.#
...$..Y##.#
....[.J@#.###.#
.###..YY......#
###...#.###.#
.......#.# ###
#.##...#.###.... #
#...#.....### #
#...#........ ##.
#....<.......
..#...##..#........


You could see 3 yaks and a jelly.

Vanquished Creatures
  3 yaks (D:6)
  Menkaure (D:5)
  2 water moccasins (D:5)
  7 scorpions
  4 jellies
  An orc priest (D:5)
  A hound (D:4)
  6 iguanas
  2 orc wizards (D:5)
  A statue (D:4)
  9 adders
  3 worms
  10 orcs
  7 endoplasms
  4 giant cockroaches
  7 goblins
  5 hobgoblins
  3 jackals (D:1)
  4 quokkas
  7 ball pythons
  7 bats
  3 frilled lizards
  A kobold (D:1)
  5 rats
103 creatures vanquished.

Notes
Turn   | Place    | Note
-------+----------+-------------------------------------------
     0 | D:1      | qw the Gargoyle Hunter began the quest for the Orb.
     0 | D:1      | Reached XP level 1. HP: 12/12 MP: 1/1
     0 | D:1      | 0 ||| qw: Version: 0.2-a-29-gd901d54
     0 | D:1      | 0 ||| qw: Game counter: 3987
     0 | D:1      | 0 ||| qw: Always use a shield: true
     0 | D:1      | 0 ||| qw: God list: Okawaru
     0 | D:1      | 0 ||| qw: Allow faded altars: false
     0 | D:1      | 0 ||| qw: Do Orc after D:15 true
     0 | D:1      | 0 ||| qw: Do second Lair branch before Depths: true
     0 | D:1      | 0 ||| qw: Lair rune preference: random
     0 | D:1      | 0 ||| qw: Plans: Normal, Zot:1-4, Slime:5, God:TSO, Crypt,
                  | Tomb, Abyss, Pan, Hells, Win
     0 | D:1      | 0 ||| PLANNING D:1-11
    31 | D:1      | Reached XP level 2. HP: 17/17 MP: 2/2
   325 | D:1      | Reached XP level 3. HP: 21/21 MP: 3/3
   480 | D:1      | 480 ||| READING scroll labelled QIDABL TIGIB.
   481 | D:1      | 481 ||| READING scroll labelled ZOIGURIMNE.
   482 | D:1      | 482 ||| DRINKING 2 bubbling yellow potions.
   483 | D:1      | 483 ||| DRINKING 2 inky potions.
   484 | D:1      | 484 ||| DROPPING scroll of butterflies.
   535 | D:2      | Reached skill level 5 in Ranged Weapons
   979 | D:2      | 979 ||| UPGRADING to +2 pair of boots.
   984 | D:2      | 984 ||| READING scroll labelled FADDOIS RILESA.
   985 | D:2      | 985 ||| READING scroll labelled IRUOJU PEDA.
   986 | D:2      | 986 ||| READING scroll labelled HEENIN OBEOGAGH.
   986 | D:2      | Identified a scroll of acquirement
   986 | D:2      | 986 ||| ACQUIRING +0 heavy longbow
   986 | D:2      | Acquired a +0 heavy longbow
   988 | D:2      | 988 ||| SWAPPING to +0 heavy longbow.
   989 | D:2      | 989 ||| DROPPING +0 shortbow.
  1034 | D:3      | Reached skill level 3 in Fighting
  1052 | D:3      | Noticed a scorpion
  1054 | D:3      | Killed a scorpion
  1055 | D:3      | Reached XP level 4. HP: 28/28 MP: 4/4
  1063 | D:3      | Noticed qw's ghost (amateur MiHu)
  1083 | D:3      | Reached XP level 5. HP: 32/32 MP: 5/5
  1145 | D:3      | Reached skill level 6 in Ranged Weapons
  1284 | D:3      | Found a transporter.
  1291 | D:3      | Found a transporter.
  1558 | D:3      | Reached skill level 1 in Armour
  1801 | D:3      | 1801 ||| READING scroll labelled BISHRA GAUL.
  2098 | D:4      | Reached XP level 6. HP: 36/38 MP: 6/6
  2229 | D:4      | Found a radiant altar of Vehumet.
  2265 | D:4      | 2265 ||| UPGRADING to +0 ring mail.
  2275 | D:4      | 2275 ||| DROPPING +0 leather armour.
  2276 | D:4      | 2276 ||| UPGRADING to amulet of the acrobat.
  2281 | D:4      | 2281 ||| READING scroll labelled UCROSH QECODGH.
  2282 | D:4      | 2282 ||| READING scroll labelled VUBIACW COCU.
  2283 | D:4      | 2283 ||| READING scroll labelled VUX XENARHULO.
  2296 | D:5      | Entered Level 5 of the Dungeon
  2306 | D:5      | Noticed a water moccasin
  2312 | D:5      | Killed a water moccasin
  2313 | D:5      | Reached skill level 7 in Ranged Weapons
  2379 | D:5      | Reached XP level 7. HP: 32/43 MP: 7/7
  2463 | D:5      | 2463 ||| DRINKING 3 potions of curing.
  2463 | D:5      | 2463 ||| (to cure confusion)
  2505 | D:5      | Noticed Menkaure
  2507 | D:5      | 2507 ||| FLEEEEING.
  2508 | D:5      | 2508 ||| FLEEEEING.
  2509 | D:5      | 2509 ||| FLEEEEING.
  2512 | D:5      | 2512 ||| FLEEEEING.
  2513 | D:5      | 2513 ||| FLEEEEING.
  2514 | D:5      | 2514 ||| FLEEEEING.
  2515 | D:5      | 2515 ||| FLEEEEING.
  2516 | D:5      | 2516 ||| FLEEEEING.
  2517 | D:5      | 2517 ||| STAIRDANCE
  2562 | D:4      | 2562 ||| READING scroll labelled ZUNGAFREHA.
  2563 | D:4      | 2563 ||| READING scroll labelled QIHILY REGAR.
  2595 | D:5      | Reached skill level 8 in Ranged Weapons
  2598 | D:5      | 2598 ||| STAIRDANCE
  2663 | D:5      | Found a shimmering altar of Xom.
  2667 | D:5      | Reached XP level 8. HP: 49/49 MP: 8/8
  2903 | D:5      | Reached skill level 9 in Ranged Weapons
  3058 | D:5      | 3058 ||| FLEEEEING.
  3059 | D:5      | 3059 ||| STAIRDANCE
  3097 | D:5      | Killed Menkaure
  3129 | D:6      | Reached skill level 6 in Fighting
  3129 | D:6      | Found a staircase to the Ecumenical Temple.
  3130 | D:6      | 3130 ||| PLANNING TEMPLE
  3135 | Temple   | Entered the Ecumenical Temple
  3239 | Temple   | 3239 ||| PLANNING OKAWARU WORSHIP
  3296 | Temple   | Became a worshipper of Warmaster Okawaru
  3296 | Temple   | 3296 ||| PLANNING D:1-11
  3354 | D:6      | Noticed a yak
  3354 | D:6      | Noticed a yak
  3354 | D:6      | Noticed a yak
  3354 | D:6      | Noticed a yak
  3355 | D:6      | Noticed a yak
  3355 | D:6      | Noticed a yak
  3358 | D:6      | Killed a yak
  3362 | D:6      | Killed a yak
  3362 | D:6      | HP: 10/51 [yak (4)]
  3363 | D:6      | 3363 ||| DRINKING 3 potions of heal wounds.
  3365 | D:6      | HP: 3/51 [yak (7)]
  3366 | D:6      | 3366 ||| DRINKING 2 potions of heal wounds.
  3368 | D:6      | 3368 ||| DRINKING potion of heal wounds.
  3370 | D:6      | Killed a yak
  3371 | D:6      | Reached skill level 10 in Ranged Weapons
  3371 | D:6      | Reached XP level 9. HP: 27/55 MP: 9/9
  3373 | D:6      | HP: 2/55 [yak (13)]
  3373 | D:6      | Slain by a yak

Levels and vault maps discovered:
D:1:      lightli_arrival_chessboard, layout_basic,
          amcnicky_mini_corridor_feature
D:2:      layout_rooms
D:3:      layout_basic, gammafunk_ghost_arena, minivault_25, st_stairs_12
D:4:      layout_rooms, vehumet_statue
D:5:      layout_cave_pools, serial_park, serial_park_fountain,
          serial_park_tiny_pond, serial_park_tiny_pond, serial_park_tiny_2,
          minmay_ruined_shrine, uniq_menkaure
D:6:      layout_loops_ring, temple_statues
Temple:   kilobyte_greek_temple

Skill      XL: |  1  2  3  4  5  6  7  8 |
---------------+-------------------------+-----
Ranged Weapons | 5 6 7 8 10 | 10.3
Fighting       | 3 4 5 6 |  6.1
Armour         | 1 2 |  2.2
Dodging        | 2 |  2.4
Stealth        | |  1.1

Action                     |  1- 3 |  4- 6 |  7- 9 || total
---------------------------+-------+-------+-------++-------
   Fire: Shortbow          |    97 |       |       ||    97
         Longbow           |     9 |    59 |    97 ||   165
    Use: Scroll            |     5 |     4 |     2 ||    11
         Potion            |     2 |       |     4 ||     6
 Armour: Leather armour    |    22 |    10 |       ||    32
         Ring mail         |       |    12 |   112 ||   124
  Dodge: Dodged            |    23 |    25 |   132 ||   180

Table legend:
 A = Non-vault XP
 B = Vault XP
 C = Vault XP percentage of total XP
 D = Non-vault monster count
 E = Vault monster count
 F = Vault count percentage of total count
                 A         B        C        D         E       F
            +---------+---------+-------+---------+---------+-------
      Total |    1862 |     649 |  25.8 |      93 |      10 |   9.7
            +---------+---------+-------+---------+---------+-------
        D:1 |      34 |       0 |   0.0 |      20 |       0 |   0.0
        D:2 |      24 |       0 |   0.0 |      15 |       0 |   0.0
        D:3 |     144 |      14 |   8.9 |      20 |       1 |   4.8
        D:4 |     172 |     125 |  42.1 |      11 |       3 |  21.4
        D:5 |     768 |     510 |  39.9 |      21 |       6 |  22.2
        D:6 |     720 |       0 |   0.0 |       6 |       0 |   0.0
            +---------+---------+-------+---------+---------+-------
